 Dungeon Crawl Stone Soup version 0.24-a0-264-gf46a388 (webtiles) character file.

Game seed: 3663735643251291586

61 Hasart the Cutter (level 4, -3/29 HPs)
             Began as a Kobold Monk on Apr 20, 2019.
             Slain by a hobgoblin
             ... wielding a +0 club
              (6 damage)
             ... on level 2 of the Dungeon.
             The game lasted 00:02:44 (1667 turns).

Hasart the Cutter (Kobold Monk)                     Turns: 1667, Time: 00:02:45

Health: -3/29      AC:  2    Str:  8    XL:     4   Next: 27%
Magic:  4/4        EV: 17    Int: 11    God:
Gold:   36         SH:  0    Dex: 18    Spells: 3/3 levels left

rFire    . . .     SeeInvis .   k - +1 dagger (speed)
rCold    . . .     Gourm    .   (shield restricted)
rNeg     . . .     Faith    .   b - +0 robe
rPois    .         Spirit   .   (no helmet)
rElec    .         Reflect  .   (no cloak)
rCorr    .         Harm     .   (no gloves)
MR       .....                  (no boots)
Stlth    ++++......             (no amulet)
HPRegen  0.09/turn              j - ring of stealth
MPRegen  0.09/turn              (no ring)

@: no status effects
A: small, carnivore
a: no special abilities


You were on level 2 of the Dungeon.
You were very full.

You visited 1 branch of the dungeon, and saw 2 of its levels.

You collected 36 gold pieces.

Inventory:

Hand Weapons
 k - a +1 dagger of speed (weapon)
Armour
 b - a +0 robe (worn)
Jewellery
 j - a ring of stealth (left hand)
Scrolls
 d - a scroll of fear {unknown}
 i - 2 scrolls of immolation {unknown}
 l - a scroll of fog {unknown}
Potions
 a - a potion of heal wounds
 g - a potion of degeneration {unknown}
 h - a potion of agility {unknown}
Comestibles
 c - 4 rations


   Skills:
 + Level 3.7 Fighting
 * Level 5.0 Short Blades
 + Level 4.3 Dodging
 + Level 3.3 Stealth


You had 3 spell levels left.
You didn't know any spells.
Your spell library was empty.

Dungeon Overview and Level Annotations

Branches:
Dungeon (2/15)

Altars:


Innate Abilities, Weirdness & Mutations

You are small and have problems with some larger weapons.
You are carnivorous and can eat meat at any time.


Message History

The hobgoblin is lightly wounded.
The hobgoblin misses you.
You barely miss the hobgoblin.
The hobgoblin is lightly wounded.
You closely miss the hobgoblin.
The hobgoblin is lightly wounded.
You hit the hobgoblin.
The hobgoblin is moderately wounded.
The hobgoblin completely misses you.
You barely miss the hobgoblin.
The hobgoblin is moderately wounded.
You closely miss the hobgoblin.
The hobgoblin is moderately wounded.
The hobgoblin barely misses you.
You hit the hobgoblin.
The hobgoblin is severely wounded.
You completely miss the hobgoblin.
The hobgoblin is severely wounded.
The hobgoblin hits you with a +0 club.
You die...

*,,,* #.#...##.#####........,
*,,,* #.#...##......=.......,
****,,,* #.#...##..###.......##.
,,,,,,.####......#......).....#*.
,,,,,,...........#..##........##.
,,,,,,........................#..
***,,,........................>..
,,,,>,.........†g..............(.
,,,,,*#.....####@........#.......
,,,,,*#.###.* #.#...............
,,,,,*#,* #.***#....#....#.##....
,,,,,,,,* #,,,,..........#.##.##.
,,,,,,,,* *,,*####..#....#.##.##.
,,,,,,,,* *,,* #)..............
,,,,,,,,****,****#..#.........###
,,,,,,,,,,,,,,,,,,.......#,##.###
,,**+*******,**,***,*,,,,,,,.....


You could see a hobgoblin.

Vanquished Creatures
  Natasha (D:2)
  An ooze (D:1)
  A dart slug (D:1)
  3 bats (D:1)
  A giant cockroach (D:1)
  3 goblins
  5 hobgoblins (D:1)
  3 jackals (D:1)
  A ball python (D:1)
  A frilled lizard (D:1)
  3 kobolds (D:1)
  9 rats (D:1)
32 creatures vanquished.

Notes
Turn   | Place    | Note
-------+----------+-------------------------------------------
     0 | D:1      | Hasart the Kobold Monk began the quest for the Orb.
     0 | D:1      | Reached XP level 1. HP: 14/14 MP: 1/1
   181 | D:1      | Reached XP level 2. HP: 5/19 MP: 2/2
   552 | D:1      | Reached XP level 3. HP: 15/23 MP: 3/3
  1636 | D:2      | Noticed Natasha
  1659 | D:2      | Killed Natasha
  1659 | D:2      | Reached skill level 5 in Short Blades
  1659 | D:2      | Reached XP level 4. HP: 3/29 MP: 4/4
  1667 | D:2      | Slain by a hobgoblin

Levels and vault maps discovered:
D:1:      dpeg_arrival_ratfight, layout_loops_ring, minmay_cupped
D:2:      layout_basic, uniq_natasha

Skill      XL: |  1  2  3 |
---------------+----------+-----
Dodging        | 4 |  4.3
Stealth        | 3 |  3.3
Short Blades   | 5 |  5.0
Fighting       | |  3.7

Action                   |  1- 3 |  4- 6 || total
-------------------------+-------+-------++-------
Melee: Short sword       |   107 |       ||   107
       Dagger            |    13 |     8 ||    21
  Use: Scroll            |     3 |       ||     3
 Stab: Sleeping          |    10 |       ||    10
  Eat: Chunk             |    10 |       ||    10
Armor: Robe              |    10 |       ||    10
Dodge: Dodged            |   110 |     3 ||   113

Table legend:
 A = Non-vault XP
 B = Vault XP
 C = Vault XP percentage of total XP
 D = Non-vault monster count
 E = Vault monster count
 F = Vault count percentage of total count
                 A         B        C        D         E       F
            +---------+---------+-------+---------+---------+-------
      Total |      46 |      42 |  47.7 |      25 |       7 |  21.9
            +---------+---------+-------+---------+---------+-------
        D:1 |      44 |       7 |  13.7 |      24 |       6 |  20.0
        D:2 |       2 |      35 |  94.6 |       1 |       1 |  50.0
            +---------+---------+-------+---------+---------+-------
